 Dungeon Crawl Stone Soup version 0.30.0-19-g36f170ea60 (webtiles) character file.

Game seed: 9503007189064946726

1873 olmar the Grappler (level 9, -6/71 HPs)
             Began as a Ghoul Gladiator on June 1, 2023.
             Was an Initiate of Gozag.
             Mangled by Joseph
             ... wielding a +0 quarterstaff
              (15 damage)
             ... on level 7 of the Dungeon.
             The game lasted 00:06:47 (6296 turns).

olmar the Grappler (Ghoul Gladiator)                Turns: 6296, Time: 00:06:47

Health: -6/71      AC:  8    Str: 22    XL:     9   Next: 14%
Magic:  8/8        EV: 10    Int:  3    God:    Gozag
Gold:   611        SH:  0    Dex: 10    Spells: 8/8 levels left

rFire   . .          .
                       - Unarmed
rCold   + + .        (no shield)
rNeg    + + +        w - +0 scale mail {Will+}
rPois   ∞            b - +0 helmet
rElec   .            (no cloak)
rCorr   .            (no gloves)
SInv    +            (no boots)
Will    +....        (no amulet) Stlth
                     g - ring of see invisible
HPRegen 0.00/turn    x - ring of protection from cold
MPRegen 0.11/turn

%: no passive effects
@: gold aura, inhibited regen
A: claws 1, cold resistance 1, negative energy resistance 3, inhibited
regeneration, torment resistance 2, devour on kill
a: Renounce Religion, Potion Petition, Call Merchant, Bribe Branch


You were on level 7 of the Dungeon.
You worshipped Gozag.
Gozag was pleased with you.
You visited 2 branches of the dungeon, and saw 8 of its levels.

You collected 773 gold pieces.
You paid 162 gold pieces to Gozag.

Inventory:

Missiles
 c - 3 throwing nets (quivered)
 d - a javelin
Armour
 a - a +0 leather armour
 b - a +0 helmet (worn)
 f - a +0 plate armour
 w - a +0 scale mail of willpower (worn)
 B - the +0 ring mail of Elitism {rC- rCorr Dex+6}
   (You found it on level 6 of the Dungeon)

   Dex:       It affects your dexterity (+6).
   rC:        It makes you vulnerable to cold.
   rCorr:     It protects you from acid and corrosion.
Jewellery
 g - a ring of see invisible (left claw)
 t - a ring of fire
 x - a ring of protection from cold (right claw)
Wands
 A - a wand of roots (6)
Scrolls
 e - 2 scrolls of magic mapping
 h - a scroll of acquirement {unknown}
 i - 2 scrolls of fear
 k - a scroll of noise {unknown}
 l - a scroll of torment {unknown}
 m - a scroll of immolation {unknown}
 p - a scroll of silence {unknown}
 q - 3 scrolls of poison {unknown}
 u - 2 scrolls of amnesia {unknown}
 y - 2 scrolls of teleportation {unknown}
Potions
 j - 2 potions of heal wounds
 n - 5 potions of curing
 o - 2 potions of might
 r - 3 potions of mutation
 s - 2 potions of degeneration {unknown}
 v - 4 potions of brilliance {unknown}
 z - a potion of attraction {unknown}


   Skills:
 + Level 3.7 Fighting
 + Level 2.2 Throwing
 + Level 6.3 Armour
 - Level 2.7 Dodging
 + Level 9.9 Unarmed Combat


You had 8 spell levels left.
You didn't know any spells.
Your spell library contained the following spells:

 Spells                   Type           Power      Damage    Failure   Level
 Apportation              Tloc           0%         N/A       83%         1
 Slow                     Hex            0%         N/A       83%         1
 Confusing Touch          Hex            0%         N/A       99%         3
 Stone Arrow              Conj/Erth      0%         3d7       99%         3
 Vampiric Draining        Necr           0%         2d6       99%         3
 Animate Armour           Summ/Erth      0%         N/A       100%        4
 Alistair's Intoxication  Tmut/Pois      0%         N/A       100%        5
 Summon Hydra             Summ           0%         N/A       100%        7
 Lehudib's Crystal Spear  Conj/Erth      0%         10d2      100%        8
 Sublimation of Blood     Necr           Unusable   N/A       N/A         2
 Wereblood                Tmut           Unusable   N/A       N/A         2

Dungeon Overview and Level Annotations

Branches:
Dungeon (7/15)             Temple (1/1) D:4

Altars:
Cheibriados
Dithmenos
Fedhas
Gozag
Hepliaklqana
Makhleb
Okawaru
Qazlal
Uskayaw
Vehumet
Wu Jian
Yredelemnul

Annotations:
D:7 Joseph


Innate Abilities, Weirdness & Mutations

You are immune to poison.
You have sharp fingernails.
Your flesh is cold resistant. (rC+)
You are immune to negative energy. (rN+++)
You do not regenerate when monsters are visible.
You are immune to unholy pain and torment.
You thrive by killing the living.


Message History

Joseph hits you with a +0 quarterstaff!
You claw the steam dragon!
The steam dragon is almost dead.
You scratch the steam dragon but do no damage.
You claw the steam dragon, but do no damage.
The steam dragon is almost dead.
Joseph closely misses you. The steam dragon breathes steam at you.
The ball of steam hits you!!
You are too injured to fight recklessly!
You are too injured to fight recklessly!
You are too injured to fight recklessly!
You are too injured to fight recklessly!
You are too injured to fight recklessly!
You are too injured to fight recklessly!
You are too injured to fight recklessly!
You are too injured to fight recklessly!
You are too injured to fight recklessly!
Unknown command.
You claw the steam dragon!
You kill the steam dragon!
You feel better.
You are engulfed in a cloud of scalding steam.
Joseph hits you with a +0 quarterstaff!
* * * LOW HITPOINT WARNING * * *
Unknown command.
Okay, then.
Throw: 3 throwing nets
Press: ? - help, Q - select action, (/) - cycle Shift-Dir - straight line, f - Joseph
Aim: Joseph, wielding a +0 quarterstaff and wearing a +0 leather armour (57% to hit)
Okay, then.
Aiming: Fastroot
Press: ? - help, Shift-Dir - straight line The roots erupt in riotous growth!
Roots grab Joseph.
You are engulfed in a cloud of scalding steam.
* * * LOW HITPOINT WARNING * * *
The grasping roots constrict Joseph.
Joseph hits you with a +0 quarterstaff!
You die...
Your body crumbles into a pile of gold.

#+####
####+####.....#
#.§...§#@.....#
#....§§@§.....#
#..§..§##....##
#....).# ###..
#......#
#......#
+......#
#......#
#......#
#......#


You could see Joseph (rooted).

Vanquished Creatures
  Eustachio (D:4)
  A steam dragon (D:7)
  Menkaure (D:5)
  2 ice beasts
  An ogre (D:6)
  2 phantoms (D:5)
  2 bullfrogs
  A scorpion (D:7)
  4 wights (D:6)
  A howler monkey (D:6)
  3 jellies
  A hound (D:4)
  2 orc priests (D:4)
  Terence (D:3)
  6 iguanas
  Natasha (D:2)
  2 orc wizards (D:7)
  3 gnolls
  6 adders
  2 shadow imps
  5 dart slugs
  6 orcs
  6 endoplasms
  6 giant cockroaches
  2 goblins (D:1)
  10 hobgoblins
  3 jackals
  2 kobolds (D:3)
  4 quokkas
  8 ball pythons
  4 bats
  6 frilled lizards
  3 rats
108 creatures vanquished.

Notes
Turn   | Place    | Note
-------+----------+-------------------------------------------
     0 | D:1      | olmar the Ghoul Gladiator began the quest for the Orb.
     0 | D:1      | Reached XP level 1. HP: 17/17 MP: 0/0
   188 | D:1      | Reached XP level 2. HP: 24/24 MP: 1/1
   448 | D:1      | Reached skill level 4 in Unarmed Combat
   504 | D:1      | Reached XP level 3. HP: 27/30 MP: 2/2
   939 | D:2      | Reached skill level 1 in Armour
  1083 | D:2      | Noticed Natasha
  1094 | D:2      | Killed Natasha
  1174 | D:2      | Reached XP level 4. HP: 37/37 MP: 3/3
  2058 | D:3      | Noticed Terence
  2058 | D:3      | You fall into a shaft and drop 3 floors!
  2150 | D:6      | Found a radiant altar of Vehumet.
  2255 | D:6      | Noticed a bullfrog
  2269 | D:6      | Killed a bullfrog
  2270 | D:6      | Reached skill level 5 in Unarmed Combat
  2270 | D:6      | Reached XP level 5. HP: 32/42 MP: 4/4
  2367 | D:5      | Entered Level 5 of the Dungeon
  2394 | D:5      | Noticed a phantom
  2407 | D:5      | Noticed a black bear
  2425 | D:5      | Killed a phantom
  2426 | D:5      | Reached XP level 6. HP: 25/50 MP: 5/5
  2762 | D:5      | Reached skill level 6 in Unarmed Combat
  3112 | D:3      | Killed Terence
  3333 | D:3      | Found an iron altar of Okawaru.
  3400 | D:4      | Found a staircase to the Ecumenical Temple.
  3422 | Temple   | Entered the Ecumenical Temple
  3507 | Temple   | Became a worshipper of Gozag Ym Sagoz the Greedy
  3576 | D:4      | Reached XP level 7. HP: 55/56 MP: 6/6
  4109 | D:4      | Noticed Eustachio
  4135 | D:4      | Killed Eustachio
  4136 | D:4      | Reached skill level 7 in Unarmed Combat
  4665 | D:5      | Noticed Menkaure
  4677 | D:5      | Reached XP level 8. HP: 52/62 MP: 7/7
  4683 | D:5      | Killed Menkaure
  4684 | D:5      | Reached skill level 5 in Armour
  4684 | D:5      | Reached skill level 8 in Unarmed Combat
  5367 | D:6      | Identified the +0 ring mail of Elitism {rC- rCorr Dex+6}
  5401 | D:6      | Reached skill level 9 in Unarmed Combat
  5552 | D:6      | Found a blossoming altar of Fedhas.
  5915 | D:6      | Found an ornate altar of the Wu Jian Council.
  6132 | D:7      | Found a burning altar of Makhleb.
  6132 | D:7      | Found a snail-covered altar of Cheibriados.
  6222 | D:7      | Reached XP level 9. HP: 55/71 MP: 8/8
  6278 | D:7      | Noticed Joseph
  6296 | D:7      | Mangled by Joseph

Illustrated notes

Levels and vault maps discovered:
D:1:      eino_arrival_tree_alley, layout_basic, palyth_stone_intersect,
          kennysheep_nondescript
D:2:      layout_loops_cross, uniq_natasha
D:3:      wad_lake_hut, layout_basic, kennysheep_okawaru_gauntlet,
          kennysheep_donut, wad_rectangle_vault, uniq_terence
D:4:      layout_loops_cross, minmay_temple_entry_mini_moons, uniq_eustachio
D:5:      layout_loops_corners, tso_altar, nicolae_fountain_basement,
          uniq_menkaure
D:6:      layout_loops_corners, nicolae_overflow_hidden_temple,
          nicolae_wu_jian_glorious_leap, mainiacjoe_overflow_surrounded_room,
          minmay_misc_feat_nine_boxes
D:7:      layout_gridville, chequers_temple_overflow_statue_of_worship,
          uniq_joseph
Temple:   oiseaux_autumnal_temple

Skill      XL: |  1  2  3  4  5  6  7  8 |
---------------+-------------------------+-----
Unarmed Combat | 4 5 6 7 9 |  9.9
Armour         | 1 2 3 4 6 |  6.3
Throwing       | 2 |  2.2
Fighting       | 3 |  3.7
Dodging        | |  2.7

Action                     |  1- 3 |  4- 6 |  7- 9 || total
---------------------------+-------+-------+-------++-------
  Melee: Unarmed           |    66 |   175 |   167 ||   408
         Punch             |     2 |     5 |     9 ||    16
  Throw: Throwing net      |     2 |       |     3 ||     5
  Evoke: Wand              |       |       |     1 ||     1
    Use: Scroll            |       |     6 |       ||     6
   Stab: Held in net/web   |       |       |     1 ||     1
 Armour: Plate armour      |    40 |    68 |       ||   108
         Leather armour    |     2 |       |       ||     2
         Scale mail        |       |    17 |    37 ||    54
  Dodge: Dodged            |    26 |    69 |    68 ||   163
